 Dungeon Crawl Stone Soup version 0.31-a0-640-g39d97e502b (webtiles) character file.

Game seed: 7063393744557979988

620 qw the Shooter (level 7, -8/44 HPs)
             Began as a Gargoyle Hunter on Aug 27, 2023.
             Mangled by Duvessa
             ... wielding a +0 short sword
              (10 damage)
             ... on level 5 of the Dungeon.
             The game lasted 00:01:22 (3276 turns).

qw the Shooter (Gargoyle Hunter)                    Turns: 3276, Time: 00:01:22

Health: -8/44      AC:  7    Str: 14    XL:     7   Next: 46%
Magic:  7/7        EV: 12    Int: 10    God:
Gold:   221        SH:  0    Dex: 15    Spells: 6/6 levels left

rFire   + . .        Y - +0 orcbow (freeze)
rCold   . . .        (shield currently unavailable)
rNeg    + . .        g - +0 leather armour {rF+}
rPois   inf          (no helmet)
rElec   +            (no cloak)
rCorr   .            (no gloves)
SInv    .            (no boots)
Will    .....        o - amulet of regeneration
Stlth   ++           (no ring)
HPRegen 1.07/turn    (no ring)
MPRegen 0.10/turn

%: no passive effects
@: no status effects
A: sickness immunity, AC +4, negative energy resistance 1, electricity
resistance, torment resistance 1, petrification resistance
a: no special abilities


You were on level 5 of the Dungeon.
You visited 1 branch of the dungeon, and saw 5 of its levels.

You collected 291 gold pieces.
You spent 70 gold pieces at shops.


Innate Abilities, Weirdness & Mutations

You are immune to sickness and miasma.
Your stone body is resilient. (AC +4)
You are immune to poison.
You resist negative energy. (rN+)
You are resistant to electric shocks. (rElec)
You are resistant to unholy torment.
You are immune to petrification.


   Skills:
 - Level 4.3 Fighting
 + Level 7.7 Ranged Weapons
 - Level 1.2 Armour
 - Level 2.2 Dodging
 - Level 1.1 Stealth


You had 6 spell levels left.
You didn't know any spells.
Your spell library was empty.

Inventory:

Hand Weapons
 Y - a +0 orcbow of freezing (weapon)
Armour
 d - a +0 ring mail
 g - a +0 leather armour of fire resistance (worn)
Jewellery
 o - an amulet of regeneration (around neck)
Scrolls
 j - 2 scrolls of identify
Potions
 a - a potion of resistance {unknown}
 b - a potion of berserk rage {unknown}
 c - a potion of haste
 e - a potion of lignification {unknown}
 f - a potion of brilliance {unknown}
 h - 2 potions of curing
 i - a potion of magic {unknown}
 k - a potion of might {unknown}

Dungeon Overview and Level Annotations

Branches:
Dungeon (5/15)
 Temple: D:4-7

Altars:

Shops:
D:4 (

Annotations:
D:5 Duvessa


Message History

You kill Dowan!
You hear a distant scream of rage.
You start resting.
Duvessa, Sister of Dowan comes into view.
She is wielding a +0 short sword.
You shoot an arrow.
Duvessa shouts!
The arrow hits Duvessa but does no damage.
Duvessa goes berserk!
You shoot an arrow.
The arrow hits Duvessa but does no damage.
You shoot an arrow. The arrow hits Duvessa.
The arrow freezes Duvessa.
Duvessa is lightly wounded.
A hound comes into view.
You shoot an arrow. The arrow closely misses Duvessa.
The hound barks!
Duvessa hits you with a +0 short sword!
You shoot an arrow. The arrow barely misses Duvessa.
The arrow hits the hound but does no damage.
Duvessa hits you but does no damage.
A scorpion comes into view.
Duvessa hits you with a +0 short sword!
Enter note:
Enter note: You shoot an arrow.
The arrow barely misses Duvessa.
The arrow closely misses the hound.
Duvessa hits you with a +0 short sword.
You shoot an arrow.
The arrow hits Duvessa but does no damage.
Duvessa is lightly wounded.
Duvessa barely misses you. Duvessa hits you with a +0 short sword!
You shoot an arrow. The arrow barely misses Duvessa.
The arrow hits the scorpion!
The arrow freezes the scorpion.
The scorpion is heavily wounded.
Duvessa hits you with a +0 short sword. The hound closely misses you.
Duvessa hits you with a +0 short sword!
You shoot an arrow. The arrow barely misses Duvessa.
The arrow hits the scorpion but does no damage.
The scorpion is heavily wounded.
The hound bites you. Duvessa hits you with a +0 short sword!
You die...

#....... (.
############....... ...
#..................
...###..................
..................######
...................# #..
.....s.............# #..
......eh...........# #..
.......@.........#......
......################..
##... ### #.. #. #


You could see Duvessa (berserk), a scorpion and a hound.

Vanquished Creatures
  A black bear (D:4)
  An ogre (D:5)
  A phantom (D:5)
  Dowan (D:5)
  A sleepcap (D:5)
  2 hounds
  A gnoll bouda (D:5)
  2 iguanas (D:4)
  7 gnolls (D:5)
  3 adders
  2 worms
  An orc (D:4)
  5 ball pythons
  7 endoplasms
  A giant cockroach (D:1)
  8 goblins
  8 hobgoblins
  11 kobolds
  4 quokkas
  5 bats
  A frilled lizard (D:3)
  5 rats
78 creatures vanquished.

Notes
Turn   | Place    | Note
-------+----------+-------------------------------------------
     0 | D:1      | qw the Gargoyle Hunter began the quest for the Orb.
     0 | D:1      | Reached XP level 1. HP: 12/12 MP: 1/1
     0 | D:1      | 0 ||| qw: Version: 0.3-a-74-g0d5e918
     0 | D:1      | 0 ||| qw: Game counter: 130
     0 | D:1      | 0 ||| qw: Melee chars always use a shield: true
     0 | D:1      | 0 ||| qw: God list: Okawaru
     0 | D:1      | 0 ||| qw: Allow faded altars: false
     0 | D:1      | 0 ||| qw: Do Orc after clearing Dungeon:15 true
     0 | D:1      | 0 ||| qw: Do second Lair branch before Depths: true
     0 | D:1      | 0 ||| qw: Lair rune preference: random
     0 | D:1      | 0 ||| qw: Goals: Normal
     0 | D:1      | 0 ||| PLANNING D:1-11
   143 | D:1      | Reached XP level 2. HP: 16/17 MP: 2/2
   470 | D:1      | Reached XP level 3. HP: 20/21 MP: 3/3
   605 | D:1      | Reached skill level 5 in Ranged Weapons
   751 | D:1      | 751 ||| UPGRADING to +0 ring mail.
   761 | D:1      | 761 ||| DROPPING +0 leather armour.
   762 | D:1      | 762 ||| READING scroll labelled VIGA IMOMPALU.
   763 | D:1      | 763 ||| READING scroll labelled FACOACV BAUNO.
   764 | D:1      | 764 ||| DRINKING 2 murky grey potions.
   765 | D:1      | 765 ||| DROPPING scroll of butterflies.
   792 | D:2      | 792 ||| STAIRDANCE
   873 | D:2      | Found a faded altar of an unknown god.
   923 | D:2      | Reached skill level 1 in Armour
   998 | D:2      | Reached XP level 4. HP: 27/27 MP: 4/4
  1080 | D:2      | Reached skill level 3 in Fighting
  1238 | D:2      | 1238 ||| UPGRADING to +0 leather armour of fire resistance.
  1248 | D:2      | 1248 ||| UPGRADING to amulet of the acrobat.
  1253 | D:2      | 1253 ||| READING scroll labelled TIEMOFELAV.
  1254 | D:2      | 1254 ||| READING 2 scrolls of identify.
  1254 | D:2      | 1254 ||| IDENTIFYING coppery potion
  1255 | D:2      | 1255 ||| DROPPING potion of attraction.
  2284 | D:3      | 2284 ||| UPGRADING to amulet of regeneration.
  2294 | D:3      | 2294 ||| DROPPING amulet of the acrobat.
  2295 | D:3      | 2295 ||| DROPPING +6 ring of intelligence.
  2296 | D:3      | 2296 ||| READING scroll labelled XEGHOZ LAPEXOE.
  2297 | D:3      | 2297 ||| READING scroll labelled XEFFUTWIHEWK.
  2302 | D:3      | 2302 ||| DRINKING 2 metallic clear potions.
  2303 | D:3      | 2303 ||| DROPPING potion of degeneration.
  2440 | D:4      | Reached XP level 5. HP: 29/32 MP: 5/5
  2540 | D:4      | HP: 8/32 [iguana (3)]
  2543 | D:4      | HP: 1/32 [iguana (5)]
  2545 | D:4      | Reached skill level 6 in Ranged Weapons
  2617 | D:4      | Noticed a black bear
  2628 | D:4      | Killed a black bear
  2629 | D:4      | Reached XP level 6. HP: 39/39 MP: 6/6
  2838 | D:4      | Found Zuddy's Antique Weapon Shop.
  2876 | D:4      | 2876 ||| BUYING orcbow (70 gold).
  2876 | D:4      | Bought an orcbow for 70 gold pieces
  2876 | D:4      | 2876 ||| SWAPPING to +0 orcbow.
  2877 | D:4      | 2877 ||| DROPPING +1 shortbow.
  2958 | D:4      | 2958 ||| READING scroll labelled LEOXOD XOIRPH.
  2959 | D:4      | 2959 ||| READING scroll labelled LYMEUW FOQ.
  2960 | D:4      | 2960 ||| READING scroll labelled LAAWU QILE.
  2961 | D:4      | 2961 ||| DRINKING 2 metallic green potions.
  2975 | D:5      | Entered Level 5 of the Dungeon
  3105 | D:5      | 3105 ||| Stepping ~*~*~tactically~*~*~ (outnumbered).
  3109 | D:5      | 3109 ||| Stepping ~*~*~tactically~*~*~ (retreating).
  3110 | D:5      | 3110 ||| Stepping ~*~*~tactically~*~*~ (retreating).
  3111 | D:5      | 3111 ||| Stepping ~*~*~tactically~*~*~ (retreating).
  3113 | D:5      | 3113 ||| Stepping ~*~*~tactically~*~*~ (retreating).
  3114 | D:5      | 3114 ||| Stepping ~*~*~tactically~*~*~ (retreating).
  3115 | D:5      | 3115 ||| Stepping ~*~*~tactically~*~*~ (retreating).
  3116 | D:5      | 3116 ||| Stepping ~*~*~tactically~*~*~ (retreating).
  3117 | D:5      | 3117 ||| Stepping ~*~*~tactically~*~*~ (retreating).
  3118 | D:5      | 3118 ||| Stepping ~*~*~tactically~*~*~ (retreating).
  3119 | D:5      | 3119 ||| Stepping ~*~*~tactically~*~*~ (retreating).
  3120 | D:5      | 3120 ||| Stepping ~*~*~tactically~*~*~ (retreating).
  3121 | D:5      | 3121 ||| Stepping ~*~*~tactically~*~*~ (retreating).
  3122 | D:5      | 3122 ||| Stepping ~*~*~tactically~*~*~ (retreating).
  3123 | D:5      | 3123 ||| Stepping ~*~*~tactically~*~*~ (retreating).
  3124 | D:5      | 3124 ||| Stepping ~*~*~tactically~*~*~ (retreating).
  3125 | D:5      | 3125 ||| Stepping ~*~*~tactically~*~*~ (retreating).
  3126 | D:5      | 3126 ||| Stepping ~*~*~tactically~*~*~ (retreating).
  3127 | D:5      | 3127 ||| Stepping ~*~*~tactically~*~*~ (retreating).
  3128 | D:5      | 3128 ||| Stepping ~*~*~tactically~*~*~ (retreating).
  3132 | D:5      | 3132 ||| Stepping ~*~*~tactically~*~*~ (retreating).
  3133 | D:5      | 3133 ||| Stepping ~*~*~tactically~*~*~ (retreating).
  3135 | D:5      | 3135 ||| Stepping ~*~*~tactically~*~*~ (retreating).
  3136 | D:5      | 3136 ||| Stepping ~*~*~tactically~*~*~ (retreating).
  3137 | D:5      | 3137 ||| Stepping ~*~*~tactically~*~*~ (retreating).
  3138 | D:5      | 3138 ||| Stepping ~*~*~tactically~*~*~ (retreating).
  3141 | D:5      | HP: 9/39 [gnoll/+0 spear[a gnoll bouda] (5)]
  3219 | D:5      | Reached skill level 7 in Ranged Weapons
  3219 | D:5      | Reached XP level 7. HP: 44/44 MP: 7/7
  3260 | D:5      | Noticed Dowan
  3266 | D:5      | Killed Dowan
  3267 | D:5      | Noticed Duvessa
  3275 | D:5      | HP: 5/44 [Duvessa/+0 short sword (8)]
  3276 | D:5      | HP: 2/44 [hound (5)]
  3276 | D:5      | Mangled by Duvessa

Levels and vault maps discovered:
D:1:      kilobyte_arrival_exit_the_forest, layout_basic
D:2:      layout_rooms, shapermc_ecumenical_altar_mp_highgroup,
          grunt_decor_fettered, roderic_st_hans_cross,
          ebering_dispersal_statue_hall
D:3:      layout_basic, chequers_serial_rivers_micro_d, minmay_misc_feat_rugged
D:4:      layout_loops_ring, serial_shops, nicolae_shop_peninsula
D:5:      layout_basic, small_statue_alley_b, hangedman_decor_clover_reticule,
          kennysheep_path_1, uniq_duvessa

Skill      XL: |  1  2  3  4  5  6  7 |
---------------+----------------------+-----
Ranged Weapons | 5 6 7 |  7.7
Armour         | 1 |  1.2
Fighting       | 3 4 |  4.3
Dodging        | 2 |  2.2
Stealth        | |  1.1

Action                     |  1- 3 |  4- 6 |  7- 9 || total
---------------------------+-------+-------+-------++-------
   Fire: Shortbow          |   112 |   106 |       ||   218
         Orcbow            |       |    37 |    30 ||    67
    Use: Scroll            |     2 |     7 |       ||     9
         Potion            |     1 |     2 |       ||     3
 Armour: Leather armour    |    13 |    22 |     7 ||    42
         Ring mail         |     5 |       |       ||     5
  Dodge: Dodged            |    28 |    48 |     9 ||    85

Table legend:
 A = Non-vault XP
 B = Vault XP
 C = Vault XP percentage of total XP
 D = Non-vault monster count
 E = Vault monster count
 F = Vault count percentage of total count
                 A         B        C        D         E       F
            +---------+---------+-------+---------+---------+-------
      Total |     819 |      67 |   7.6 |      77 |       1 |   1.3
            +---------+---------+-------+---------+---------+-------
        D:1 |      44 |       0 |   0.0 |      25 |       0 |   0.0
        D:2 |      48 |       0 |   0.0 |      14 |       0 |   0.0
        D:3 |      29 |       0 |   0.0 |      14 |       0 |   0.0
        D:4 |     259 |       0 |   0.0 |      12 |       0 |   0.0
        D:5 |     439 |      67 |  13.2 |      12 |       1 |   7.7
            +---------+---------+-------+---------+---------+-------
